 Dungeon Crawl Stone Soup version 0.29.0-5-ge4962eb29e (webtiles) character file.

Game seed: 14886709193775805737

130 ProzacElf the Chopper (level 4, -5/39 HPs)
             Began as a Minotaur Monk on Aug 28, 2022.
             Was a Priest of Lugonu.
             Slain by a gnoll
             ... wielding a +0 flail
              (7 damage)
             ... on level 4 of the Dungeon.
             The game lasted 00:04:52 (2570 turns).

ProzacElf the Chopper (Minotaur Monk)               Turns: 2570, Time: 00:04:52

Health: -5/39      AC:  8    Str: 17    XL:     4   Next: 89%
Magic:  3/3        EV:  8    Int:  7    God:    Lugonu [***...]
Gold:   199        SH:  0    Dex: 11    Spells: 3/3 levels left

rFire   . . .      SeeInvis .   b - +0 dagger (venom)
rCold   . . .      Faith    .   (no shield)
rNeg    . . .      Spirit   .   n - +0 chain mail of a Billion Knaves {Drain Will+++ Regen+ Dex-2}
rPois   .          Reflect  .   (helmet restricted)
rElec   .          Harm     .   (no cloak)
rCorr   .          Rampage  .   (no gloves)
Will    +++..                   (no boots)
Stlth   ..........              (no amulet)
HPRegen 0.93/turn               (no ring)
MPRegen 0.08/turn               (no ring)

@: no status effects
A: horns 2, retaliatory headbutt
a: Renounce Religion, Depart the Abyss, Bend Space, Banish


You were on level 4 of the Dungeon.
You worshipped Lugonu.
Lugonu was most pleased with you.
You visited 1 branch of the dungeon, and saw 4 of its levels.

You collected 199 gold pieces.

Inventory:

Hand Weapons
 a - a +0 hand axe
 b - a +0 dagger of venom (weapon)
 l - a +0 dagger of speed
 p - a +0 sling
 q - a +0 scimitar
 r - a +2 vampiric short sword
Missiles
 o - 6 boomerangs (quivered)
Armour
 e - a +0 ring mail
 j - a +0 robe
 n - the +0 chain mail of a Billion Knaves (worn) {Drain Will+++ Regen+ Dex-2}
   (You found it on level 3 of the Dungeon)

   Dex:       It affects your dexterity (-2).
   Regen:     It increases your rate of health regeneration.
   Drain:     It drains your maximum health when unequipped.
   Will:      It greatly increases your willpower.
Scrolls
 d - 8 scrolls of identify {unknown}
 g - 2 scrolls of enchant armour {unknown}
 i - 3 scrolls of poison {unknown}
 s - a scroll of immolation {unknown}
Potions
 c - 3 potions of ambrosia {!e}
 f - 2 potions of brilliance {unknown}
 h - a potion of curing {unknown}
 k - a potion of haste {unknown}
 m - a potion of mutation {unknown}
 t - a potion of attraction {unknown}


   Skills:
 - Level 3.6 Fighting
 + Level 5.4 Axes
 - Level 5.0 Dodging
 - Level 1.5 Stealth


You had 3 spell levels left.
You didn't know any spells.
Your spell library contained the following spells:

 Spells                   Type           Power      Damage    Failure   Level
 Poisonous Vapours        Pois/Air       0%         N/A       100%        2
 Corpse Rot               Necr/Pois/Air  0%         N/A       100%        4


Dungeon Overview and Level Annotations

Branches:
Dungeon (4/15)
 Temple: D:4-7

Altars:
Kikubaaqudgha
Nemelex Xobeh
Ru
The Shining One
Lugonu


Innate Abilities, Weirdness & Mutations

You have a pair of horns on your head.
You reflexively headbutt those who attack you in melee.


Message History

Tha black bear be lightly wounded.
Tha black bear barely misses ye.
Tha black bear closely misses ye.
Tha black bear claws ye but does nay damage.
Ye hit tha black bear.
Tha black bear looks as sick as possible!
Tha black bear be moderately wounded.
Tha black bear bites ye but does nay damage.
Tha black bear claws ye. x2
A gnoll comes inta view.
It be wieldin' a +0 flail.
Ye take 6 damage, an' haf 32/39 hp.
Ye closely miss tha black bear.
Tha black bear be heavily wounded.
Tha gnoll shouts!
Ye hear a shout!
Tha black bear barely misses ye. x2; Tha black bear closely misses ye.
A gnoll comes inta view.
It be wieldin' a +0 spear.
Tha gnoll shouts!
Tha black bear attacks as ye move away!
Tha black bear bites ye but does nay damage.
Tha black bear claws ye.
Tha black bear claws ye but does nay damage.
A gnoll comes inta view.
It be wieldin' a +0 whip.
Tha gnoll shouts!
Tha gnoll barely misses ye.
Ye hit tha gnoll but do nay damage.
Tha gnoll be poison'd.
Yer headbutt misses tha gnoll.
Tha black bear goes berserk!
Tha gnoll hits ye wit' a +0 flail!
Tha gnoll barely misses ye.
Ye take 6 damage, an' haf 29/39 hp.
Tha black bear bites ye but does nay damage.
Tha black bear claws ye but does nay damage. x2
Tha gnoll hits ye wit' a +0 flail!
Tha black bear barely misses ye.
Tha black bear claws ye. x2
Ye take 15 damage, an' haf 14/39 hp.
MASSIVE DAMAGE!!
Tha black bear attacks as ye move away!
Tha black bear bites ye!
* * * LOW HITPOINT WARNIN'
* * * Tha black bear claws ye.
* * * LOW HITPOINT WARNIN'
* * * Tha black bear claws ye but does nay damage.
Tha gnoll attacks as ye move away!
Tha gnoll hits ye wit' a +0 flail!
Ye die...

..........(.........
#
..#####.#.#.##.####
#. ............##.#
#.###.######..#.##.#
####[..#.# #.......#
#=...#.#.###
#..#.####
............# #..###
......#.#h######..#
.###..#g.g@.......#
#. #.#g######.## ..
#.#g# #.# ## #.#.#
### .g#.# ....# ..#
#..


You could see a black bear (berserk, very poisoned) and 4 gnolls.

Vanquished Creatures
  An orc wizard (D:3)
  2 adders
  2 worms
  2 dart slugs (D:2)
  4 orcs
  6 ball pythons
  3 endoplasms
  7 giant cockroaches
  9 goblins
  8 hobgoblins
  A quokka (D:4)
  5 bats
  11 kobolds
  7 rats
68 creatures vanquished.

Notes
Turn   | Place    | Note
-------+----------+-------------------------------------------
     0 | D:1      | ProzacElf the Minotaur Monk began the quest for the Orb.
     0 | D:1      | Reached XP level 1. HP: 19/19 MP: 0/0
   256 | D:1      | Reached XP level 2. HP: 26/26 MP: 1/1
   806 | D:1      | Reached XP level 3. HP: 31/31 MP: 2/2
  1842 | D:2      | Reached XP level 4. HP: 39/39 MP: 3/3
  1896 | D:3      | Noticed a great orb of eyes
  1899 | D:3      | Reached skill level 5 in Axes
  1902 | D:3      | Found a faded altar of an unknown god.
  1919 | D:3      | Noticed a shining eye
  1923 | D:3      | Noticed an eye of devastation
  1923 | D:3      | Noticed an eye of devastation
  1935 | D:3      | Prayed at the altar of an unknown god.
  1935 | D:3      | Became a worshipper of Lugonu the Unformed
  1935 | D:3      | Reached * piety under Lugonu
  1935 | D:3      | Reached ** piety under Lugonu
  1935 | D:3      | Reached *** piety under Lugonu
  1945 | D:3      | Found a sacrificial altar of Ru.
  2052 | D:3      | Identified the +0 chain mail of a Billion Knaves {Drain
                  | Will+++ Regen+ Dex-2}
  2108 | D:3      | Found a glowing golden altar of the Shining One.
  2218 | D:3      | Found a sparkling altar of Nemelex Xobeh.
  2492 | D:4      | Found an ancient bone altar of Kikubaaqudgha.
  2527 | D:4      | Reached skill level 5 in Dodging
  2554 | D:4      | Noticed a black bear
  2570 | D:4      | Slain by a gnoll

Illustrated notes

Levels and vault maps discovered:
D:1:      scummos_arrival_hexagon, layout_basic, nicolae_wormholes
D:2:      layout_loops_ring
D:3:      layout_rooms, nicolae_ru_sacrificial_ziggurat,
          mainiacjoe_overflow_surrounded_room, nemelex_altar_shiori,
          hellmonk_ecumenical_altar_watching_god
D:4:      cheibrodos_thug_alley, layout_basic,
          nicolae_kikubaaqudgha_miasma_corner, minmay_manual_mullet

Skill      XL: |  1  2  3  4 |
---------------+-------------+-----
Axes           | 4 5 |  5.4
Dodging        | 4 5 |  5.0
Fighting       | |  3.6
Stealth        | |  1.5

Action                   |  1- 3 |  4- 6 || total
-------------------------+-------+-------++-------
Melee: Hand axe          |   105 |    39 ||   144
       Headbutt          |    16 |    13 ||    29
       Dagger            |       |    16 ||    16
 Stab: Sleeping          |     2 |       ||     2
Armor: Robe              |     2 |       ||     2
       Ring mail         |    27 |     5 ||    32
       Chain mail        |       |    24 ||    24
Dodge: Dodged            |    50 |    30 ||    80
